 Dungeon Crawl Stone Soup version 0.22.0-38-g04b72b8 (webtiles) character file.

6019 drasked the Cleaver (level 10, -1/93 HPs)
             Began as a Minotaur Berserker on Aug 25, 2018.
             Was a High Priest of Trog.
             Killed by divine providence
             ... invoked by an orc priest
              (9 damage)
             ... on level 9 of the Dungeon.
             The game lasted 00:15:29 (8251 turns).

drasked the Cleaver (Minotaur Berserker)            Turns: 8251, Time: 00:15:29

Health: -1/93      AC: 16    Str: 21    XL:     10   Next: 56%
Magic:  3/3        EV:  9    Int:  7    God:    Trog [*****.]
Gold:   435        SH:  0    Dex: 11    Spells: 9/9 levels left

rFire    . . .     SeeInvis +   d - +2 war axe (antimagic)
rCold    . . .     Gourm    .   (no shield)
rNeg     . . .     Faith    .   r - +0 chain mail
rPois    .         Spirit   .   (helmet restricted)
rElec    .         Reflect  .   s - +0 cloak
rCorr    .         Harm     .   v - +0 pair of gloves
MR       .....                  j - +1 pair of boots
Stlth    ..........             (no amulet)
HPRegen  0.25/turn              l - ring of see invisible {sInv, !d}
MPRegen  0.08/turn              (no ring)

@: berserk cooldown, slowed, very slow
A: retaliatory headbutt, horns 2
a: Berserk, Trog's Hand, Brothers in Arms, Renounce Religion


You were on level 9 of the Dungeon.
You worshipped Trog.
Trog was extremely pleased with you.
You were not hungry.

You visited 2 branches of the dungeon, and saw 10 of its levels.

You collected 435 gold pieces.

Inventory:

Hand Weapons
 d - a +2 antimagic war axe (weapon)
   (You took it off an orc on level 5 of the Dungeon)
Armour
 j - a +1 pair of boots (worn)
   (You found it on level 1 of the Dungeon)
 r - a +0 chain mail (worn)
   (You found it on level 4 of the Dungeon)
 s - a +0 cloak (worn)
   (You found it on level 7 of the Dungeon)
 v - a +0 pair of gloves (worn)
   (You found it on level 4 of the Dungeon)
Jewellery
 l - a ring of see invisible (left hand) {sInv, !d}
   (You found it on level 6 of the Dungeon)
 A - an uncursed ring of ice {unknown}
   (You found it on level 8 of the Dungeon)
Wands
 t - a wand of iceblast (8)
   (You found it on level 7 of the Dungeon)
 w - a wand of polymorph (12)
   (You found it on level 7 of the Dungeon)
 B - a wand of paralysis (14)
   (You found it on level 8 of the Dungeon)
 C - a wand of flame (14)
   (You found it on level 9 of the Dungeon)
Scrolls
 a - 4 scrolls of remove curse
 b - 3 scrolls of magic mapping {!r}
 f - 9 scrolls of identify
 g - 3 scrolls of fear {unknown}
 h - a scroll of enchant weapon
 y - 4 scrolls of amnesia {unknown}
 z - a scroll of summoning {unknown}
 D - a scroll of teleportation {unknown}
Potions
 e - a potion of agility
 i - 3 potions of curing
 k - 2 potions of cancellation
 m - a potion of haste {unknown}
 n - 3 potions of lignification {!q}
 o - a potion of heal wounds
 p - a potion of ambrosia
 q - a potion of flight
 u - 2 potions of invisibility
 x - a potion of berserk rage {unknown}
Comestibles
 c - 8 rations


   Skills:
 + Level 10.2 Fighting
 * Level 13.4 Axes
 + Level 9.8 Armour
 - Level 2.1 Dodging


You had 9 spell levels left.
You didn't know any spells.
Your spell library was empty.

Dungeon Overview and Level Annotations

Branches:
Dungeon (9/15)             Temple (1/1) D:6             Orc (0/2) D:9
   Lair: D:8-11

Altars:
Ashenzari
Cheibriados
Dithmenos
Elyvilon
Fedhas
Gozag
Hepliaklqana
Kikubaaqudgha
Makhleb
Nemelex Xobeh
Okawaru
Qazlal
Ru
Sif Muna
Trog
Uskayaw
Vehumet
Wu Jian
Xom
Yredelemnul
Zin
The Shining One
Beogh


Innate Abilities, Weirdness & Mutations

You reflexively headbutt those who attack you in melee.
You have a pair of horns on your head.


Message History

You slice the orc warrior!!
The orc priest roars noisily.
You hit the orc.
You kill the orc!
Trog accepts your kill.
You slash the orc warrior!
You kill the orc warrior!
Trog accepts your kill.
You slash the orc warrior!
The orc priest mumbles some strange prayers to Beogh against you.
Beogh smites you! The orc warrior closely misses you.
You take 14 damage, and have 49/139 hp.
You closely miss the orc warrior. Your headbutt misses the orc warrior.
You barely miss the orc warrior. The orc warrior misses you.
You slice the orc warrior!!
You kill the orc warrior!
Trog accepts your kill. The orc closely misses you. You furiously retaliate!
You headbutt the orc!
You kill the orc!
Trog accepts your kill.
The orc hits you with an enchanted falchion!
There is an open door, spattered with blood here.
Things that are here:
a short sword; a plate armour; a whip You take 8 damage, and have 42/139 hp.
You hit the orc warrior but do no damage.
You slash the orc!
You kill the orc!
Trog accepts your kill.
You slash the orc!
You kill the orc!
Trog accepts your kill.
The orc warrior hits you with a battleaxe.
* * * LOW HITPOINT WARNING * * *
You take 4 damage, and have 38/139 hp.
You slash the orc warrior!
You headbutt the orc warrior, but do no damage.
You slash the orc!
You kill the orc!
Trog accepts your kill.
You barely miss the orc. You slash the orc warrior! You barely miss the orc.
You are no longer berserk.
You are exhausted.
You feel yourself slow down. The orc hits you but does no damage.
You now have 26/93 hp.
Your chain mail prevents you from hitting the orc warrior.
You slash the orc!
You kill the orc!
Trog accepts your kill.
You hit the orc.
The orc warrior hits you with a battleaxe!
* * * LOW HITPOINT WARNING * * *
The orc hits you but does no damage.
You take 13 damage, and have 13/93 hp.
You slash the orc warrior!
You kill the orc warrior!
Trog accepts your kill.
You closely miss the orc.
Your chain mail prevents you from hitting the orc.
The orc barely misses you. The orc hits you but does no damage.
You feel much better.
The orc priest looks braver for a moment.
The orc completely misses you. You furiously retaliate!
You headbutt the orc. The orc misses you.
The orc priest looks satisfied for a moment.
The orc priest looks encouraged for a moment.
The orc warrior hits you but does no damage.
The orc barely misses you. The orc closely misses you.
You regained 20 hp, and now have 33/93 hp.
You closely miss the orc warrior. You headbutt the orc warrior!
You closely miss the orc. You hit the orc. The orc warrior closely misses you.
You furiously retaliate!
You headbutt the orc warrior, but do no damage.
The orc priest looks encouraged for a moment.
The orc hits you but does no damage. The orc hits you with a hand axe.
You take 1 damage, and have 32/93 hp.
You closely miss the orc.
You hit the orc warrior but do no damage.
You hit the orc.
The orc warrior hits you with a hand axe!
* * * LOW HITPOINT WARNING * * *
The orc hits you but does no damage. x2
You take 12 damage, and have 20/93 hp.
You hit the orc warrior. Your headbutt misses the orc warrior.
You closely miss the orc. You slash the orc!
You kill the orc!
Trog accepts your kill. The orc warrior closely misses you.
The orc hits you but does no damage. x2
You eat one of the 9 rations.
That ration really hit the spot!
The orc warrior hits you with a hand axe!
* * * LOW HITPOINT WARNING * * *
The orc hits you with a club.
* * * LOW HITPOINT WARNING * * *
The orc hits you.
* * * LOW HITPOINT WARNING * * *
The orc priest calls down the wrath of Beogh upon you.
Beogh smites you!
You die... #..# #.#...# #...##...# #..# #.#...# #...##...# ...###.#...################ #............#......>... ###..........#.......... ♣♣###....)####...⌠.._..⌠ ..♣♣#.....# #.oooo..... ...♣##....# #oooooo8...

....♣#....#####8@8#####
....♣##.........).......
♣♣♣..♣#.................
♣♣#♣..#.................
.⌠♣#♣......######...####
_..♣#......# ...#
...♣#......# ...#
...♣#..#...# ...#
...♣#......# ..#


You could see an orc warrior, 3 orc priests and 6 orcs.

Vanquished Creatures
  A two-headed ogre (D:9)
  Pikel (D:8)
  A hornet (D:6)
  Prince Ribbit (D:8)
  2 hippogriffs
  A wyvern (D:8)
  A hungry ghost (D:9)
  An acid dragon (D:8)
  3 ice beasts
  3 phantoms
  2 eyes of draining (D:5)
  7 orc warriors
  An ogre (D:7)
  2 centaurs (D:5)
  A big kobold (D:7)
  5 bullfrogs
  A water moccasin zombie (D:6)
  3 scorpions
  A howler monkey (D:7)
  A crimson imp (D:8)
  A gnoll shaman (D:5)
  A centaur skeleton (D:8)
  2 jellies (D:9)
  7 orc priests
  A centaur zombie (D:4)
  A quasit (D:6)
  3 hounds
  11 orc wizards
  Ijyb (D:3)
  2 bullfrog skeletons
  5 iguanas
  6 worker ants
  A worker ant zombie (D:5)
  2 howler monkey skeletons (D:5)
  7 gnolls
  12 adders
  3 shadow imps
  4 oozes
  An adder zombie (D:6)
  An adder skeleton (D:7)
  3 worms
  3 dart slugs (D:2)
  A leopard gecko (D:2)
  34 orcs
  A ball python (D:2)
  4 giant cockroaches
  8 goblins
  8 hobgoblins
  10 jackals
  12 kobolds
  5 quokkas
  A ball python skeleton (D:5)
  8 bats
  5 frilled lizards
  A leopard gecko skeleton (D:4)
  8 rats
223 creatures vanquished.

Notes
Turn   | Place    | Note
-------+----------+-------------------------------------------
     0 | D:1      | drasked the Minotaur Berserker began the quest for the Orb.
     0 | D:1      | Reached XP level 1. HP: 19/19 MP: 0/0
    22 | D:1      | Reached skill level 4 in Axes
    23 | D:1      | Reached XP level 2. HP: 16/27 MP: 1/1
   430 | D:1      | Reached skill level 4 in Fighting
   656 | D:1      | Reached XP level 3. HP: 31/33 MP: 2/2
   682 | D:1      | Reached skill level 3 in Armour
   925 | D:2      | Reached ** piety under Trog
  1170 | D:2      | Reached XP level 4. HP: 41/41 MP: 3/3
  1224 | D:2      | Reached skill level 5 in Axes
  1558 | D:2      | Found a faded altar of an unknown god.
  1779 | D:3      | Noticed Ijyb
  1792 | D:3      | Killed Ijyb
  1792 | D:3      | Reached XP level 5. HP: 47/47 MP: 4/4
  1870 | D:3      | Found a shattered altar of Ashenzari.
  1973 | D:3      | Found a sacrificial altar of Ru.
  2155 | D:3      | Found a stormy altar of Qazlal.
  2267 | D:3      | Reached skill level 4 in Armour
  2267 | D:3      | Reached *** piety under Trog
  2467 | D:4      | Reached skill level 5 in Fighting
  2467 | D:4      | Reached skill level 6 in Axes
  2476 | D:4      | Reached XP level 6. HP: 41/56 MP: 5/5
  3279 | D:4      | Reached skill level 7 in Axes
  3524 | D:4      | Reached skill level 5 in Armour
  3524 | D:4      | Reached XP level 7. HP: 53/62 MP: 6/6
  3665 | D:5      | Entered Level 5 of the Dungeon
  3665 | D:5      | Found a sparkling altar of Nemelex Xobeh.
  3844 | D:5      | Got a twisted leather armour
  3851 | D:5      | Reached skill level 6 in Fighting
  3869 | D:5      | Noticed a dagger
  3870 | D:5      | Noticed a hand axe
  3878 | D:5      | Found a hide-covered altar of Uskayaw.
  3923 | D:5      | Reached skill level 8 in Axes
  4032 | D:5      | Identified the cursed +1 leather armour of the End {+Inv rF+} (You found it on level 5 of the Dungeon)
  4527 | D:5      | Reached **** piety under Trog
  4538 | D:5      | Found a bloodstained altar of Trog.
  4552 | D:5      | Reached skill level 6 in Armour
  4552 | D:5      | Reached XP level 8. HP: 67/71 MP: 0/7
  4554 | D:5      | Reached skill level 9 in Axes
  4723 | D:6      | Reached skill level 7 in Fighting
  4750 | D:6      | Noticed a hornet
  4757 | D:6      | Killed a hornet
  4791 | D:6      | Found a staircase to the Ecumenical Temple.
  4796 | Temple   | Entered the Ecumenical Temple
  5044 | D:6      | Found a deep blue altar of Sif Muna.
  5112 | D:6      | Reached skill level 10 in Axes
  5112 | D:6      | Reached skill level 7 in Armour
  5320 | D:6      | Found an iron altar of Okawaru.
  5483 | D:7      | Reached XP level 9. HP: 68/81 MP: 2/8
  5503 | D:7      | Reached skill level 8 in Fighting
  5725 | D:7      | Reached skill level 11 in Axes
  6148 | D:8      | Reached skill level 8 in Armour
  6150 | D:8      | Reached ***** piety under Trog
  6183 | D:8      | HP: 9/82 [orc warrior/scimitar (12)]
  6609 | D:8      | Reached skill level 9 in Fighting
  6613 | D:8      | Reached skill level 12 in Axes
  7007 | D:8      | Noticed Prince Ribbit
  7015 | D:8      | Killed Prince Ribbit
  7219 | D:8      | Reached skill level 9 in Armour
  7219 | D:8      | Reached XP level 10. HP: 65/91 MP: 3/9
  7335 | D:8      | Noticed Pikel
  7344 | D:8      | Killed Pikel
  7596 | D:9      | Noticed a two-headed ogre
  7607 | D:9      | Killed a two-headed ogre
  7607 | D:9      | Reached skill level 13 in Axes
  7782 | D:9      | Found a basalt altar of Yredelemnul.
  7853 | D:9      | Reached skill level 10 in Fighting
  7913 | D:9      | Found a white marble altar of Elyvilon.
  8183 | D:9      | Found a glowing silver altar of Zin.
  8217 | D:9      | Found a roughly hewn altar of Beogh.
  8217 | D:9      | Found a staircase to the Orcish Mines.
  8245 | D:9      | HP: 13/93 [orc warrior/battleaxe (14)]
  8251 | D:9      | HP: 13/93 [orc warrior/hand axe (8)]
  8251 | D:9      | Killed from afar by an orc priest

Skill      XL: |  1  2  3  4  5  6  7  8  9 10 |
---------------+-------------------------------+-----
Axes           | 4 5 6 7 8 10 12 13 | 13.4
Fighting       | 4 5 6 7 9 10 | 10.2
Armour         | 3 4 5 6 7 9 |  9.8
Dodging        | |  2.1

Action                   |  1- 3 |  4- 6 |  7- 9 | 10-12 || total
-------------------------+-------+-------+-------+-------++-------
Melee: Hand axe          |    84 |   155 |    91 |       ||   330
       Headbutt          |    14 |    27 |    65 |    11 ||   117
       War axe           |       |       |   225 |    76 ||   301
Invok: Berserk           |     2 |     1 |     1 |     2 ||     6
  Use: Scroll            |       |       |    16 |       ||    16
       Potion            |       |       |       |     1 ||     1
 Stab: Sleeping          |       |     1 |       |       ||     1
  Eat: Chunk             |     2 |     6 |    13 |     3 ||    24
       Ration            |       |     1 |       |     2 ||     3
Armor: Animal skin       |    19 |    20 |       |       ||    39
       Chain mail        |       |    19 |   161 |    57 ||   237
Dodge: Dodged            |    65 |    99 |   124 |    30 ||   318

Vault maps used:
D:1:      scummos_arrival_simple_fountains, serial_bayou_lake_a
D:2:      chequers_ecumenical_altar_lobes
D:3:      nicolae_overflow_hidden_temple, marbit_many_paths,
          lemuel_doored_altar, first_ration, uniq_ijyb
D:4:      kennysheep_generic_room_6
D:5:      trog_eyes_of_draining, nemelex_xobeh_ov_fountains_minmay,
          dancing_weapons_uskayaw
D:6:      kennysheep_little_box, temple_doors_ab, kennysheep_okawaru_gauntlet
D:7:      minmay_flawed_box
D:8:      uniq_prince_ribbit1, uniq_pikel
D:9:      kennysheep_ying_yang, zin_scriptorium, david_orc_5
Temple:   minmay_temple_bridge_abc

Table legend:
 A = Turns spent in this place as a percentage of turns spent in the entire game.
 B = Non-inter-level travel turns spent in this place as a percentage of non-inter-level travel turns spent in the entire game.
 C = Inter-level travel turns spent in this place as a percentage of turns spent in this place.
 D = Turns resting spent in this place as a percentage of non-inter-level travel turns spent in this place.
 E = Turns spent auto-exploring this place as a percentage of non-inter-level travel turns spent in this place.
 F = Non-inter-level travel turns spent in this place divided by the number of levels of this place that you've seen.
                   A       B       C       D       E      F
               +-------+-------+-------+-------+-------+----------------------
         Total | 100.0 | 100.0 |   2.2 |  30.7 |  51.0 | 806.6
       Dungeon |  97.6 |  97.9 |   2.0 |  31.4 |  50.0 | 877.0
        Temple |   2.4 |   2.1 |  11.3 |   0.0 |  98.3 | 173.0
               +-------+-------+-------+-------+-------+----------------------

Table legend:
 A = Kills in this place as a percentage of kills in entire the game.
 B = Kills by you in this place as a percentage of kills by you in the entire game.
 C = Kills by friends in this place as a percentage of kills by friends in the entire game.
 D = Other kills in this place as a percentage of other kills in the entire game.
 E = Experience gained in this place as a percentage of experience gained in the entire game.
 F = Experience gained in this place divided by the number of levels of this place that you have seen.
                   A       B       C       D       E      F
               +-------+-------+-------+-------+-------+----------------------
         Total | 100.0 | 100.0 |   N/A |   N/A | 100.0 | 859.9
       Dungeon | 100.0 | 100.0 |   N/A |   N/A | 100.0 | 955.4
               +-------+-------+-------+-------+-------+----------------------
